Map: Belladona EE

Players

MrFercho

  • Race: Zerg Zerg
  • League: Silver
  • Spawn Location: 5:00

Manolo - Winner!

  • Race: Terran Terran
  • League: Silver
  • Spawn Location: 11:00

VOD

Have the link to the VOD?

Description

Time

  • Played on: May 26, 2020, 7:19 p.m.
  • Length: 15:44
Show
View Real Time Build Order
Export as new Build Order

MrFercho Zerg 

Build Orders: Pool First 

Get SALT Encoding   

  12  0:01  Drone  
  13  0:08  Drone  
  14  0:17  Overlord  
  14  0:22  Extractor  
  14  0:23  Drone  
  14  0:27  Extractor  
  13  0:30  Drone  
  13  0:35  Drone  
  15  0:45  Drone  
  16  0:55  Drone  
  17  1:09  Spawning Pool, Drone  
  17  1:13  Evolution Chamber  
  16  1:20  Drone  
  17  1:37  Drone  
  18  1:52  Drone x2  
  20  1:56  Metabolic Boost  
  20  2:02  Drone  
  21  2:11  Queen, Spine Crawler  
  21  2:13  Overlord  
  22  2:17  Zerg Melee Weapons Level 1  
  22  2:30  Overlord  
  22  2:46  Drone  
  22  2:47  Drone  
  24  2:54  Zergling x2  
  25  3:02  Hatchery  
  24  3:08  Lair  
  24  3:11  Zergling x2  
  25  3:23  Evolution Chamber  
  25  3:24  Zergling x2  
  25  3:25  Zergling x6  
  28  3:40  Zergling x2  
  29  3:58  Zergling x2  
  29  3:59  Zergling x2  
  31  4:03  Zerg Ground Armor Level 1  
  31  4:15  Overlord  
  31  4:25  Hatchery  
  30  4:38  Zergling x10  
  35  4:55  Pneumatized Carapace  
  35  5:15  Drone x2  
  35  5:16  Drone x5  
  42  5:41  Queen  
  44  5:43  Overlord  
  44  5:44  Overlord  
  44  5:52  Baneling Nest  
  44  5:53  Zerg Melee Weapons Level 2  
  43  6:07  Drone x4  
  33  7:20  Spore Crawler  
  32  7:25  Spore Crawler  
  32  7:27  Hydralisk Den  
  30  7:32  Hatchery  
  29  7:47  Zergling x4  
  29  7:48  Zergling x36  
  49  7:53  Centrifical Hooks  
  49  7:57  Grooved Spines  
  49  8:12  Zergling x12  
  55  8:18  Baneling x4  
  55  8:19  Baneling  
  55  8:21  Baneling  
  55  8:22  Baneling  
  55  8:53  Baneling  
  55  8:54  Baneling x17  
  55  8:56  Baneling  
  55  9:01  Drone  
  56  9:09  Muscular Augments  
  53  9:19  Overseer  
  44  9:41  Hydralisk  
  44  9:42  Hydralisk x2  
  38  9:49  Hydralisk  
  26  10:02  Queen  
  24  10:34  Drone x5  
  29  11:06  Overseer  
  29  11:20  Hatchery  
  28  11:39  Hydralisk x3  
  34  12:07  Hydralisk  
  34  12:08  Hydralisk  
  38  12:33  Drone  
  38  12:34  Drone x4  
  43  13:12  Drone x3  
  46  13:15  Extractor  
  46  13:17  Extractor  
  44  13:22  Hydralisk  
  44  13:23  Hydralisk x3  
  52  13:36  Zerg Missile Weapons Level 1  
  52  13:48  Infestation Pit  
  51  14:00  Drone x3  
  54  14:09  Hydralisk  
  54  14:10  Hydralisk x3  
  47  14:33  Hydralisk  
  47  14:34  Hydralisk  
  25  14:50  Hydralisk  
  23  15:14  Spine Crawler  
Show
View Real Time Build Order
Export as new Build Order

Manolo Terran - Winner!

Build Orders:  

Get SALT Encoding   

  12  0:14  Supply Depot, SCV  
  13  0:26  SCV  
  14  0:38  Barracks, SCV  
  15  0:47  Refinery  
  15  0:50  SCV  
  16  1:03  SCV  
  17  1:15  SCV  
  18  1:26  Supply Depot  
  18  1:27  SCV  
  19  1:38  Barracks Reactor  
  19  1:39  Refinery, SCV  
  20  1:51  SCV  
  21  2:03  SCV  
  22  2:15  SCV  
  23  2:19  Marine x2  
  25  2:28  Factory  
  25  2:37  Marine x2  
  27  2:44  Orbital Command  
  27  2:54  Marine  
  27  2:55  Marine  
  29  3:02  Supply Depot  
  29  3:11  Engineering Bay  
  29  3:12  Marine, SCV  
  30  3:15  Factory Tech Lab  
  31  3:23  Supply Depot, Marine  
  31  3:24  SCV  
  33  3:30  Marine  
  34  3:41  Marine  
  34  3:48  Command Center  
  35  3:49  Siege Tank  
  35  3:52  Marine  
  39  3:59  Marine  
  40  4:07  Barracks  
  40  4:10  Marine  
  41  4:17  Marine  
  41  4:22  Starport  
  42  4:29  Siege Tank  
  45  4:38  Marine x2  
  47  4:59  Marine x2  
  49  5:04  Supply Depot  
  49  5:32  Barracks Tech Lab  
  49  5:33  Marine x2  
  51  5:35  Starport Tech Lab  
  51  5:37  Siege Tank  
  54  5:52  Refinery  
  54  5:55  Refinery  
  54  6:00  Supply Depot  
  54  6:08  Banshee, Missile Turret  
  57  6:11  Marine x2  
  57  6:16  Stimpack  
  59  6:21  Terran Infantry Weapons Level 1  
  59  6:29  Marine x2, Missile Turret  
  61  6:39  Engineering Bay  
  60  6:42  SCV  
  60  6:45  SCV  
  62  6:47  Marine x2  
  62  6:51  Banshee  
  61  6:54  SCV  
  61  6:57  SCV  
  57  7:06  SCV  
  57  7:17  SCV  
  57  7:18  SCV  
  59  7:29  SCV  
  60  7:31  SCV  
  60  7:33  Cloaking Field, Banshee  
  64  7:41  SCV  
  65  7:49  Marine  
  65  7:50  Marine  
  67  7:53  SCV  
  67  7:55  Concussive Shells  
  68  8:05  SCV  
  68  8:07  Marine x2  
  68  8:09  Supply Depot  
  71  8:15  Terran Infantry Armor Level 1  
  71  8:18  SCV  
  72  8:25  Siege Tank  
  75  8:32  Medivac  
  77  8:38  Marine x2  
  77  8:41  Marine  
  80  8:45  Combat Shield  
  80  8:56  Marine  
  80  8:57  Hi-Sec Auto Tracking  
  80  9:02  Medivac  
  54  10:14  Planetary Fortress  
  54  10:19  Marine x2  
  56  10:22  Marine  
  56  10:25  Banshee  
  56  10:28  Siege Tank  
  63  10:37  Marine x2  
  63  10:40  Marine  
  66  10:55  Marine x2, Neosteel Armor  
  68  10:58  Marine  
  68  11:00  Siege Tank  
  72  11:07  Banshee  
  75  11:11  Missile Turret  
  75  11:12  Marine  
  75  11:13  Marine  
  75  11:15  Marine  
  75  11:16  SCV  
  79  11:19  SCV  
  80  11:28  SCV  
  80  11:30  Marine x2  
  80  11:31  SCV  
  84  11:33  Marine  
  85  11:40  SCV  
  86  11:54  Supply Depot  
  86  11:59  Supply Depot  
  86  12:07  Supply Depot  
  86  12:14  Supply Depot  
  86  12:15  Marine x3, Banshee, SCV x2  
  94  12:27  SCV x2  
  96  12:33  Marine x3  
  99  12:40  SCV  
  100  12:51  Marine x3, SCV  
  104  12:52  SCV  
  104  12:58  Banshee  
  108  13:03  SCV  
  108  13:04  SCV  
  110  13:08  Marine x2  
  110  13:09  Marine  
  113  13:14  Siege Tank  
  113  13:15  SCV  
  113  13:16  SCV  
  118  13:46  Supply Depot  
  118  13:50  Supply Depot  
  118  14:08  Marine x3, Siege Tank  
  124  14:10  Supply Depot  
  124  14:12  Supply Depot  
  115  14:26  Marine  
  102  14:33  Supply Depot  
  97  14:40  Siege Tank  
  96  14:55  Supply Depot  
Tags
 
Matchup
TvZ
Opening
Pool First
Replay Pack
MrFercho
Spawn Locations
Cross Positions
Add a new tag
Caveats
  • Supply blocks, unpowered buildings, or Contaminate may cause inaccurate times.
  • Supply counts are checked every 10 seconds.